cohdb
Replays
Latest Replays
All Replays
Popular Replays
Top Player Replays
Match Explorer
How It Works
Community
CoH3 Stats
Reddit
Sign in to upload your games and track your stats! →
Sign in with Steam
Match 45352826
Unlisted
Match 45352826
Overview
Messages
Build Orders
End
Panzergrenadier Squad
Panzergrenadier Squad
Construct Light Support Kompanie
MG34 Team
2.5-tonne Medical Truck
Panzerjäger Squad
Panzerjäger Squad
Fire Support Elements
Pak 38 Anti-tank Gun Team
Pak 38 Anti-tank Gun Team
le.IG 18 Mechanized Group
Combat Half-tracks
2.5-tonne Medical Truck
Murdoc
LordPain84
SneaKerz
gb_gbg
0
0
Comments
sign in to comment!
No comments posted yet!